 Dungeon Crawl Stone Soup version 0.31.0-11-ge490571c62 (webtiles) character file.

Game seed: 12557297673129167132

613 qw the Shooter (level 7, 0/36 HPs)
             Began as a Spriggan Hunter on Feb 4, 2024.
             Slain by Ijyb
             ... wielding a +0 club
              (5 damage)
             ... on level 4 of the Dungeon.
             The game lasted 00:00:11 (2514 turns).

qw the Shooter (Spriggan Hunter)                    Turns: 2514, Time: 00:00:11

Health: 0/36       AC:  3    Str:  7    XL:     7   Next: 20%
Magic:  8/8        EV: 21    Int: 10    God:
Gold:   151        SH:  0    Dex: 21    Spells: 6/6 levels left

rFire   . . .        a - +1 shortbow
rCold   . . .        (shield currently unavailable)
rNeg    . . .        c - +0 robe
rPois   .            (helmet restricted)
rElec   .            i - +0 cloak
rCorr   .            (gloves unavailable)
SInv    +            (boots unavailable)
Will    ++...        (no amulet)
Stlth   ++           e - ring of willpower
HPRegen 0.26/turn    (no ring)
MPRegen 0.11/turn

%: no passive effects
@: very quick
A: very small, no large weapons, unfitting armour, see invisible, speed 3
a: no special abilities


You were on level 4 of the Dungeon.
You visited 1 branch of the dungeon, and saw 4 of its levels.

You collected 151 gold pieces.


Innate Abilities, Weirdness & Mutations

You are very small and have problems with some larger weapons.
You are too small for most types of armour.
You have supernaturally acute eyesight. (SInv)
You cover ground extremely quickly. (Speed+++)


   Skills:
 - Level 3.1 Fighting
 - Level 7.0 Ranged Weapons
 + Level 6.0 Dodging
 - Level 1.5 Stealth


You had 6 spell levels left.
You didn't know any spells.
Your spell library was empty.

Inventory:

Hand Weapons
 a - a +1 shortbow (weapon)
Armour
 c - a +0 robe (worn)
 i - a +0 cloak (worn)
Jewellery
 e - a ring of willpower (left hand)
Scrolls
 b - a scroll of identify
Potions
 d - a potion of cancellation
 k - a potion of enlightenment {unknown}
 l - a potion of mutation {unknown}
 m - a potion of curing
 n - a potion of brilliance {unknown}

Dungeon Overview and Level Annotations

Branches:
Dungeon (4/15)
 Temple: D:4-7

Altars:
Uskayaw
Yredelemnul

Annotations:
D:4 Ijyb


Message History

Ijyb shouts!
You shoot an arrow. The arrow completely misses Ijyb.
Ijyb zaps a wand.
The mass of ice explodes!
The iceblast engulfs you!
2497 ||| FLEEEEING.
2498 ||| FLEEEEING.
You start resting.
Ijyb is nearby!
You shoot an arrow. The arrow closely misses Ijyb.
Ijyb throws a stone.
The stone misses you.
You shoot an arrow. The arrow barely misses Ijyb.
Ijyb zaps a wand.
The mass of ice explodes!
The iceblast engulfs you!
You shoot an arrow. The arrow hits Ijyb.
Ijyb is lightly wounded.
Ijyb zaps a wand.
The mass of ice explodes!
The iceblast engulfs you!
2505 ||| DRINKING potion of heal wounds.
You feel much better.
Ijyb throws a stone.
The stone completely misses you.
You shoot an arrow. The arrow hits Ijyb.
Ijyb is lightly wounded.
You shoot an arrow. The arrow hits Ijyb but does no damage.
Ijyb is lightly wounded.
Ijyb throws a stone.
The stone hits you.
You shoot an arrow. The arrow hits Ijyb.
Ijyb is moderately wounded.
Ijyb zaps a wand.
The mass of ice explodes!
The iceblast engulfs you!!
Ouch! That really hurt!
You shoot an arrow. The arrow barely misses Ijyb.
You shoot an arrow. The arrow closely misses Ijyb.
You shoot an arrow. The arrow closely misses Ijyb.
Ijyb misses you. Ijyb barely misses you.
You shoot an arrow. The arrow hits Ijyb.
Ijyb is heavily wounded.
Ijyb misses you.
You shoot an arrow. The arrow hits Ijyb.
Ijyb is severely wounded.
Ijyb completely misses you.
You shoot an arrow. The arrow hits Ijyb.
Ijyb is severely wounded.
Ijyb hits you with a +0 club.
You die...

### #.. ################ #.#
...............# #.#
.#############.# ##.#######
.## ###.# #........ ..###
##.#.###....#.####
>...#######.....@g..^.......
....%....###.............####
.#..####.# #.#####.#.........
.#..# #.###.#####.#.<..#####.
.#..####...........#..........
##...........#######...####...
##.#########.# #.....%......
##.### #.# #.##..######.
.#...# #.# #.##.........


You could see Ijyb.

Vanquished Creatures
  Sigmund (D:4)
  Menkaure (D:4)
  A phantom (D:4)
  A weeping skull (D:3)
  A scorpion (D:4)
  An iguana (D:4)
  2 adders
  A ribbon worm (D:3)
  3 dart slugs
  3 ball pythons
  8 bats
  7 endoplasms
  2 giant cockroaches
  7 goblins
  10 hobgoblins
  13 jackals
  A quokka (D:1)
  5 frilled lizards
  4 kobolds
  5 rats
  A spectral orc (D:3)
78 creatures vanquished.

Notes
Turn   | Place    | Note
-------+----------+-------------------------------------------
     0 | D:1      | qw the Spriggan Hunter began the quest for the Orb.
     0 | D:1      | Reached XP level 1. HP: 10/10 MP: 2/2
     0 | D:1      | 0 ||| qw: Version: 0.3-a-160-g6735b56
     0 | D:1      | 0 ||| qw: Game counter: 4884
     0 | D:1      | 0 ||| qw: Melee chars always use a shield: true
     0 | D:1      | 0 ||| qw: God list: Okawaru
     0 | D:1      | 0 ||| qw: Allow faded altars: false
     0 | D:1      | 0 ||| qw: Do Orc after clearing Dungeon:15 true
     0 | D:1      | 0 ||| qw: Do second Lair branch before Depths: true
     0 | D:1      | 0 ||| qw: Lair rune preference: random
     0 | D:1      | 0 ||| qw: Goals: Normal
     0 | D:1      | 0 ||| PLANNING D:1-11
     9 | D:1      | Reached skill level 3 in Dodging
   104 | D:1      | Reached XP level 2. HP: 14/14 MP: 3/3
   238 | D:1      | Reached XP level 3. HP: 18/18 MP: 4/4
   379 | D:1      | 379 ||| READING scroll labelled ENESYV VEFIV.
   380 | D:1      | 380 ||| READING 2 scrolls labelled ZAFORU TOOME.
   380 | D:1      | 380 ||| IDENTIFYING black potion
   381 | D:1      | 381 ||| READING scroll of identify.
   381 | D:1      | 381 ||| IDENTIFYING fizzy yellow potion
   382 | D:1      | 382 ||| READING scroll labelled GOXENO KERYUXT.
   383 | D:1      | 383 ||| READING scroll labelled BYCOEM ADAARESM.
   384 | D:1      | 384 ||| READING scroll labelled HAZIEPTIAKHLE.
   385 | D:1      | 385 ||| DROPPING scroll of butterflies.
   386 | D:1      | 386 ||| DROPPING potion of attraction.
  1208 | D:2      | 1208 ||| UPGRADING to ring of willpower.
  1209 | D:2      | 1209 ||| READING scroll labelled UNISOI GUPLAOMP.
  1209 | D:2      | 1209 ||| ENCHANTING +0 shortbow.
  1210 | D:2      | 1210 ||| READING scroll labelled LYFOSI YHAFO.
  1215 | D:2      | 1215 ||| READING scroll labelled UTRAXTU BOVIP.
  1284 | D:3      | Reached skill level 5 in Ranged Weapons
  1434 | D:3      | Reached XP level 4. HP: 22/22 MP: 5/5
  1561 | D:3      | Found a hide-covered altar of Uskayaw.
  1597 | D:3      | Found a faded altar of an unknown god.
  1703 | D:3      | Found a basalt altar of Yredelemnul.
  1703 | D:3      | Noticed a weeping skull
  1708 | D:3      | 1708 ||| ZAPPING wand of iceblast (5) at -3,0 (weeping
                  | skull; floor).
  1709 | D:3      | 1709 ||| ZAPPING wand of iceblast (4) at -2,0 (weeping
                  | skull; trap_web).
  1710 | D:3      | 1710 ||| ZAPPING wand of iceblast (3) at -2,0 (weeping
                  | skull; trap_web).
  1710 | D:3      | Killed a weeping skull
  1711 | D:3      | Reached skill level 6 in Dodging
  1711 | D:3      | Reached XP level 5. HP: 25/25 MP: 6/6
  1711 | D:3      | 1711 ||| UPGRADING to +0 cloak.
  1720 | D:3      | 1720 ||| READING 2 scrolls of identify.
  1720 | D:3      | 1720 ||| IDENTIFYING murky orange potion
  1721 | D:3      | 1721 ||| READING scroll of identify.
  1721 | D:3      | 1721 ||| IDENTIFYING bubbling amethyst potion
  1722 | D:3      | 1722 ||| READING scroll labelled MYNNUI HOBINWO.
  1723 | D:3      | 1723 ||| DRINKING 2 bubbling puce potions.
  1724 | D:3      | 1724 ||| DROPPING potion of magic.
  1747 | D:4      | Noticed Menkaure
  1748 | D:4      | 1748 ||| ZAPPING wand of iceblast (2) at -5,-3 (Menkaure;
                  | floor).
  1749 | D:4      | 1749 ||| ZAPPING wand of iceblast (1) at -5,-3 (Menkaure;
                  | floor).
  1749 | D:4      | Noticed Ijyb
  1750 | D:4      | Killed Menkaure
  1751 | D:4      | Reached skill level 3 in Fighting
  1751 | D:4      | Reached XP level 6. HP: 32/32 MP: 7/7
  1754 | D:4      | 1754 ||| STAIRDANCE
  1848 | D:4      | HP: 8/32 [phantom (2)]
  1849 | D:4      | 1849 ||| READING scroll of teleportation.
  1850 | D:4      | 1850 ||| DRINKING 2 potions of heal wounds.
  1883 | D:4      | Noticed Sigmund
  1910 | D:4      | Killed Sigmund
  1911 | D:4      | Reached skill level 6 in Ranged Weapons
  2231 | D:4      | Reached XP level 7. HP: 30/36 MP: 8/8
  2321 | D:4      | Reached skill level 7 in Ranged Weapons
  2323 | D:4      | HP: 9/36 [poisoned by a scorpion]
  2328 | D:4      | HP: 4/36 [poisoned by a scorpion]
  2497 | D:4      | 2497 ||| FLEEEEING.
  2498 | D:4      | 2498 ||| FLEEEEING.
  2504 | D:4      | HP: 2/36 [Ijyb/iceblast (11)]
  2505 | D:4      | 2505 ||| DRINKING potion of heal wounds.
  2514 | D:4      | Slain by Ijyb

Levels and vault maps discovered:
D:1:      wander_arrival_peaceful_grave, layout_rooms, minmay_pentomino_s2
D:2:      layout_basic, kennysheep_path_1, minivault_23, hex_large
D:3:      layout_rooms, nicolae_uskayaw_suspiria,
          yredelemnul_forgotten_temple_becter, basic_ecumenical_altar
D:4:      layout_loops_ring, uniq_menkaure, uniq_ijyb, uniq_sigmund

Skill      XL: |  1  2  3  4  5  6  7 |
---------------+----------------------+-----
Dodging        | 3 4 6 |  6.0
Ranged Weapons | 5 6 7 |  7.0
Fighting       | 3 |  3.1
Stealth        | |  1.5

Action                     |  1- 3 |  4- 6 |  7- 9 || total
---------------------------+-------+-------+-------++-------
   Fire: Shortbow          |   130 |   116 |    21 ||   267
  Evoke: Wand              |       |     5 |       ||     5
    Use: Scroll            |     9 |     4 |       ||    13
         Potion            |       |     2 |     1 ||     3
 Armour: Robe              |    10 |    23 |     9 ||    42
  Dodge: Dodged            |    35 |    79 |    10 ||   124

Table legend:
 A = Non-vault XP
 B = Vault XP
 C = Vault XP percentage of total XP
 D = Non-vault monster count
 E = Vault monster count
 F = Vault count percentage of total count
                 A         B        C        D         E       F
            +---------+---------+-------+---------+---------+-------
      Total |     387 |     490 |  55.9 |      72 |       6 |   7.7
            +---------+---------+-------+---------+---------+-------
        D:1 |      40 |       3 |   7.0 |      23 |       2 |   8.0
        D:2 |      40 |       0 |   0.0 |      15 |       0 |   0.0
        D:3 |      40 |     101 |  71.6 |      21 |       2 |   8.7
        D:4 |     267 |     386 |  59.1 |      13 |       2 |  13.3
            +---------+---------+-------+---------+---------+-------
